 Dungeon Crawl Stone Soup version 0.29.1-15-g9cfb28693d (webtiles) character file.

Game seed: 9345281362887480505

525 IndexError the Shooter (level 7, -7/44 HPs)
             Began as a Gargoyle Hunter on Mar 6, 2023.
             Mangled by an ogre
             ... wielding a +0 giant club
              (18 damage)
             ... on level 4 of the Dungeon.
             The game lasted 00:07:27 (4278 turns).

IndexError the Shooter (Gargoyle Hunter)            Turns: 4278, Time: 00:07:27

Health: -7/44      AC:  9    Str: 16    XL:     7   Next: 22%
Magic:  0/16       EV: 12    Int: 10    God:
Gold:   175        SH:  0    Dex: 17    Spells: 6/6 levels left

rFire   . . .      SeeInvis .   a - +0 shortbow
rCold   . . .      Faith    .   (shield currently unavailable)
rNeg    + . .      Spirit   +   n - +1 leather armour of Undesirable Species {Str+2 Dex+2 Stlth+}
rPois   ∞          Reflect  .   (no helmet)
rElec   +          Harm     .   (no cloak)
rCorr   .          Rampage  .   (no gloves)
Will    .....                   s - +0 pair of boots
Stlth   +++.......              c - amulet of guardian spirit {Spirit}
HPRegen 0.14/turn               m - ring of magical power {MP+9}
MPRegen 0.15/turn               (no ring)

@: no status effects
A: sickness immunity, AC +4, negative energy resistance 1, electricity
resistance, torment resistance 1, petrification resistance
a: no special abilities


You were on level 4 of the Dungeon.
You visited 1 branch of the dungeon, and saw 4 of its levels.

You collected 175 gold pieces.

Inventory:

Hand Weapons
 a - a +0 shortbow (weapon)
Missiles
 k - 5 atropa-tipped darts
Armour
 n - the +1 leather armour of Undesirable Species (worn) {Str+2 Dex+2 Stlth+}
   (You found it on level 2 of the Dungeon)

   Str:       It affects your strength (+2).
   Dex:       It affects your dexterity (+2).
   Stlth:     It makes you more stealthy.
 s - a +0 pair of boots (worn)
   (You found it on level 3 of the Dungeon)
 t - a +2 leather armour of cold resistance
   (You took it off Ijyb on level 3 of the Dungeon)
Magical Staves
 r - a staff of air {rElec}
   (You found it on level 2 of the Dungeon)
Jewellery
 c - an amulet of guardian spirit (around neck) {Spirit}
   (You found it on level 2 of the Dungeon)
 m - a ring of magical power (left hand) {MP+9}
   (You found it on level 2 of the Dungeon)
 p - an amulet of faith {Faith, !P}
   (You found it on level 2 of the Dungeon)
Scrolls
 b - 2 scrolls of immolation {!r}
 d - 2 scrolls of noise {unknown}
 f - 2 scrolls of butterflies {unknown}
 g - a scroll of brand weapon {unknown}
 h - a scroll of enchant armour {unknown}
 i - a scroll of vulnerability {unknown}
 q - 2 scrolls of identify {unknown}
 v - a scroll of teleportation {unknown}
Potions
 e - a potion of cancellation {unknown}
 j - 3 potions of curing
 l - a potion of magic {unknown}
 o - a potion of lignification {unknown}
 u - a potion of haste {unknown}


   Skills:
 + Level 5.1 Fighting
 * Level 7.3 Ranged Weapons
 - Level 1.5 Dodging
 - Level 1.1 Stealth


You had 6 spell levels left.
You didn't know any spells.
Your spell library was empty.

Dungeon Overview and Level Annotations

Branches:
Dungeon (4/15)
 Temple: D:4-7

Altars:
Makhleb
Ru

Annotations:
D:3 Sigmund


Innate Abilities, Weirdness & Mutations

You are immune to sickness and miasma.
Your stone body is resilient. (AC +4)
You are immune to poison.
You resist negative energy. (rN+)
You are resistant to electric shocks. (rElec)
You are resistant to unholy torment.
You are immune to petrification.


Message History

You see here a +0 mace.
You see here a +0 mace.
You see here a +0 mace.
The orc wizard shouts!
The orc shouts!
You see here a +0 mace.
An iguana comes into view.
The iguana hisses angrily.
You see here a +0 dagger.
There is an open door here.
You see here a howler monkey skeleton.
You see here a +0 trident.
There is a stone staircase leading up here.
You shoot an arrow. The arrow hits the phantom!
You shoot an arrow. The arrow hits the phantom.
The phantom hits you but does no damage.
You shoot an arrow.
The arrow hits the phantom but does no damage.
You hear a shout!
The phantom closely misses you.
You shoot an arrow. The arrow hits the phantom!
The phantom completely misses you.
You shoot an arrow. The arrow hits the phantom!
Your Fighting skill increases to level 5!
You have reached level 7!
Health restored: 44; MP restored: 16 You shoot an arrow.
The arrow hits the orc.
The orc hits you with a +0 mace.
You take 4 damage, and have 40/44 hp.
You now have 15/16 mp.
You shoot an arrow.
The arrow hits the orc but does no damage.
The orc barely misses you.
You shoot an arrow.
The arrow hits the orc wizard but does no damage.
The orc wizard mumbles some strange words.
The orc wizard flickers and vanishes!
Deactivating autopickup; reactivate with Ctrl-A.
You shoot an arrow. The arrow hits the orc.
Something hits you but does no damage.
No target in view!
No target in view!
No target in view!
Fire: a) +0 shortbow
Press: ? - help, Q - select action, (/) - cycle Shift-Dir - straight line You shoot an arrow.
Something hits you.
You take 1 damage, and have 39/44 hp.
Fire: a) +0 shortbow
Press: ? - help, Q - select action, (/) - cycle Shift-Dir - straight line You shoot an arrow.
Something hits you.
MP restored: 16 Fire: a) +0 shortbow
Press: ? - help, Q - select action, (/) - cycle Shift-Dir - straight line You shoot an arrow.
Something barely misses you. Something completely misses you.
Fire: a) +0 shortbow
Press: ? - help, Q - select action, (/) - cycle Shift-Dir - straight line You shoot an arrow.
Reactivating autopickup.
You feel a bit more experienced.
Fire: a) +0 shortbow
Press: ? - help, Q - select action, (/) - cycle Shift-Dir - straight line You shoot an arrow.
Things that are here:
a +0 dagger; a +0 robe
Things that are here:
a +0 mace; a +0 ring mail; an orc corpse An ogre comes into view.
It is wielding a +0 giant club.
Health restored: 44 You shoot an arrow.
The arrow hits the ogre but does no damage.
The ogre shouts!
You shoot an arrow. The arrow barely misses the ogre.
You shoot an arrow. The arrow hits the ogre.
You shoot an arrow. The arrow hits the ogre.
You shoot an arrow. The arrow hits the ogre.
You shoot an arrow. The arrow barely misses the ogre.
The ogre hits you with a +0 giant club!
You take 13 damage, and have 31/44 hp.
MASSIVE DAMAGE!!
You now have 12/16 mp.
You shoot an arrow. The arrow completely misses the ogre.
The ogre hits you with a +0 giant club!
You take 11 damage, and have 20/44 hp.
MASSIVE DAMAGE!!
You now have 8/16 mp.
You are too injured to fight recklessly!
You are too injured to fight recklessly!
Fire: a) +0 shortbow
Press: ? - help, Q - select action, (/) - cycle Shift-Dir - straight line, f/p - ogre
Aim: an ogre, wielding a +0 giant club (moderately wounded, 78% to hit)
You shoot an arrow. The arrow barely misses the ogre.
Fire: a) +0 shortbow
Press: ? - help, Q - select action, (/) - cycle Shift-Dir - straight line, f/p - ogre
Aim: an ogre, wielding a +0 giant club (moderately wounded, 78% to hit)
You shoot an arrow. The arrow hits the ogre.
The ogre hits you with a +0 giant club!
* * * LOW HITPOINT WARNING * * *
You take 9 damage, and have 11/44 hp.
MASSIVE DAMAGE!!
You now have 4/16 mp.
Fire: a) +0 shortbow
Press: ? - help, Q - select action, (/) - cycle Shift-Dir - straight line, f/p - ogre
Aim: an ogre, wielding a +0 giant club (heavily wounded, 78% to hit)
You shoot an arrow. The arrow hits the ogre.
The ogre hits you with a +0 giant club!!
You die...

..#.# #... ...#
..#.#####♣. .♣## ##
#.#÷#...##. .# .#####
..#.#.#.##########......
..o.#.#.# #...).....?..
.o..#.#.####............
....#.#....#............
....#.####.#....#.......
#####...........@O.....#
....######.#....###.##.#
###.# #.......###.##.#
..#.# #.###.##........
#.#.# #.....##.##.....
#.#.# #....###.# ...
#.#.#####......#.# .
#.#............#.#
).............##.#


You could see an ogre.

Vanquished Creatures
  Menkaure (D:4)
  A phantom (D:4)
  A howler monkey (D:4)
  A hound (D:4)
  An orc priest (D:3)
  Ijyb (D:3)
  Natasha (thrice) (D:3)
  2 orc wizards (D:4)
  3 gnolls (D:3)
  A worm (D:2)
  2 dart slugs
  4 orcs (D:4)
  5 ball pythons
  3 bats
  3 endoplasms
  3 giant cockroaches
  4 hobgoblins
  2 jackals (D:2)
  A frilled lizard (D:2)
  4 goblins
  7 kobolds
  A rat (D:3)
54 creatures vanquished.

Notes
Turn   | Place    | Note
-------+----------+-------------------------------------------
     0 | D:1      | IndexError the Gargoyle Hunter began the quest for the Orb.
     0 | D:1      | Reached XP level 1. HP: 12/12 MP: 1/1
   113 | D:1      | Found a faded altar of an unknown god.
   159 | D:1      | HP: 3/13 [hobgoblin (2)]
   501 | D:1      | Reached XP level 2. HP: 18/18 MP: 2/2
  1348 | D:2      | Identified the +1 leather armour of Undesirable Species
                  | {Str+2 Dex+2 Stlth+}
  1482 | D:2      | Reached XP level 3. HP: 22/22 MP: 3/3
  1496 | D:2      | You fall into a shaft and drop 1 floor!
  2124 | D:3      | Noticed Sigmund
  2129 | D:3      | Noticed Ijyb
  2246 | D:3      | Noticed Natasha
  2329 | D:3      | Killed Natasha
  2330 | D:3      | Reached skill level 3 in Fighting
  2330 | D:3      | Reached skill level 5 in Ranged Weapons
  2330 | D:3      | Reached XP level 4. HP: 28/28 MP: 4/4
  2346 | D:3      | Noticed Natasha
  2355 | D:3      | Killed Natasha
  2721 | D:3      | Noticed Natasha
  2738 | D:3      | Killed Natasha
  2739 | D:3      | Reached XP level 5. HP: 9/32 MP: 4/5
  3125 | D:3      | Killed Ijyb
  3193 | D:4      | Noticed an ice beast
  3309 | D:4      | HP: 8/33 [something/magic dart (4)]
  3322 | D:3      | HP: 8/33 [orc priest/+0 short sword (1)]
  3327 | D:3      | Reached skill level 4 in Fighting
  3327 | D:3      | Reached skill level 6 in Ranged Weapons
  3710 | D:4      | Reached XP level 6. HP: 30/38 MP: 6/6
  3977 | D:4      | Found a sacrificial altar of Ru.
  3985 | D:4      | Noticed Menkaure
  3994 | D:4      | Killed Menkaure
  3995 | D:4      | Reached skill level 7 in Ranged Weapons
  4053 | D:4      | Found a burning altar of Makhleb.
  4181 | D:4      | Reached skill level 5 in Fighting
  4181 | D:4      | Reached XP level 7. HP: 44/44 MP: 7/7
  4277 | D:4      | HP: 11/44 [ogre/+0 giant club (10)]
  4278 | D:4      | Mangled by an ogre

Illustrated notes

Levels and vault maps discovered:
D:1:      saegor_arrival_simple_e, layout_loops_ring, basic_ecumenical_altar,
          nicolae_kite_square_tiling_tiny
D:2:      layout_basic
D:3:      layout_rooms, uniq_natasha, uniq_sigmund, uniq_ijyb
D:4:      layout_basic, minitemple, minivault_23, eino_tiny_chamber,
          grunt_ministairs_7, uniq_menkaure

Skill      XL: |  1  2  3  4  5  6 |
---------------+-------------------+-----
Fighting       | 3 4 5 |  5.1
Ranged Weapons | 5 6 7 |  7.3
Dodging        | |  1.5
Stealth        | |  1.1

Action                   |  1- 3 |  4- 6 |  7- 9 || total
-------------------------+-------+-------+-------++-------
 Fire: Shortbow          |    93 |   127 |    19 ||   239
Armor: Leather armour    |    19 |    48 |     1 ||    68
Dodge: Dodged            |    29 |    66 |     3 ||    98

Table legend: (Time is in decaauts)
 A = Elapsed time spent in this place.
 B = Non-inter-level travel time spent in this place.
 C = Inter-level travel time spent in this place.
 D = Time resting spent in this place.
 E = Time spent auto-exploring this place.
 F = Levels seen in this place.
 G = Mean time per level.
                   A        B        C        D        E       F      G
               +--------+--------+--------+--------+--------+-----+--------+
         Total |   4356 |   4028 |    328 |      0 |   3353 |   4 | 1089.0 |
       Dungeon |   4356 |   4028 |    328 |      0 |   3353 |   4 | 1089.0 |
               +--------+--------+--------+--------+--------+-----+--------+

Top non-repeatable levels by time:
     D:2: 1570 daAuts
     D:1: 1049 daAuts
     D:3: 1022 daAuts
     D:4: 713 daAuts

Table legend:
 A = Kills in this place as a percentage of kills in entire the game.
 B = Kills by you in this place as a percentage of kills by you in the entire game.
 C = Kills by friends in this place as a percentage of kills by friends in the entire game.
 D = Other kills in this place as a percentage of other kills in the entire game.
 E = Experience gained in this place as a percentage of experience gained in the entire game.
 F = Experience gained in this place divided by the number of levels of this place that you have seen.
                   A       B       C       D       E      F
               +-------+-------+-------+-------+-------+----------------------
         Total | 100.0 | 100.0 |   N/A |   N/A | 100.0 | 187.5
       Dungeon | 100.0 | 100.0 |   N/A |   N/A | 100.0 | 187.5
               +-------+-------+-------+-------+-------+----------------------
